 Dungeon Crawl Stone Soup version 0.28-a0-697-g47f3eba078 (webtiles) character file.

Game seed: 6317812244630985585

1 KoroneIsBestGirl the Chiller (level 1, -1/13 HPs)
             Began as a Barachi Ice Elementalist on Oct 23, 2021.
             Hit by a stone thrown by a hobgoblin (2 damage)
             ... on level 1 of the Dungeon.
             The game lasted 00:00:09 (20 turns).

KoroneIsBestGirl the Chiller (BaIE)                   Turns: 20, Time: 00:00:10

Health: -1/13      AC:  2    Str:  9    XL:     1   Next: 20%
Magic:  1/3        EV: 12    Int: 15    God:
Gold:   0          SH:  0    Dex: 12    Spells: 3/4 levels left

rFire   . . .      SeeInvis .   (no weapon)
rCold   . . .      Faith    .   (no shield)
rNeg    . . .      Spirit   .   a - +0 robe
rPois   .          Reflect  .   (no helmet)
rElec   .          Harm     .   (no cloak)
rCorr   .          Rampage  .   (no gloves)
Will    .....                   (no boots)
Stlth   ++........              (no amulet)
HPRegen 0.04/turn               (no ring)
MPRegen 0.08/turn               (no ring)

@: slow
A: amphibious, slowness 1, strong legs 1, +LOS
a: Hop


You were on level 1 of the Dungeon.
You visited 1 branch of the dungeon, and saw 1 of its levels.

Inventory:

Armour
 a - a +0 robe (worn)


   Skills:
 + Level 2.2 Dodging
 - Level 1.7 Stealth
 + Level 2.2 Spellcasting
 + Level 4.8 Ice Magic


You had 3 spell levels left.
You knew the following spells:

 Your Spells              Type           Power      Damage    Failure   Level
a - Freeze                Ice            64%        1d8       3%          1

Your spell library contained the following spells:

 Spells                   Type           Power      Damage    Failure   Level
 Frozen Ramparts          Ice            32%        1d5       9%          3
 Ozocubu's Armour         Ice            16%        N/A       9%          3
 Hailstorm                Conj/Ice       8%         3d4       63%         4


Dungeon Overview and Level Annotations

Branches:
Dungeon (1/15)

Altars:


Innate Abilities, Weirdness & Mutations

You are amphibious.
You cover ground slowly.
You can hop short distances.
You have an extended range of vision and can be seen from far away.


Message History

You kill the hobgoblin!
You can't see any susceptible monsters within range! (Use Z to cast anyway.)
The hobgoblin shouts!
There is a large open door here.
You see here 18 stones.
You freeze the hobgoblin.
The hobgoblin is moderately wounded.
The hobgoblin barely misses you.
You closely miss the hobgoblin.
The hobgoblin is moderately wounded.
The hobgoblin barely misses you.
You are too depleted to draw on your mana recklessly!
You are too depleted to draw on your mana recklessly!
You are too depleted to draw on your mana recklessly!
You are too depleted to draw on your mana recklessly!
You hit the hobgoblin.
The hobgoblin is heavily wounded.
The hobgoblin barely misses you.
You hit the hobgoblin but do no damage.
The hobgoblin is heavily wounded.
The hobgoblin barely misses you.
You closely miss the hobgoblin.
The hobgoblin is moderately wounded.
The hobgoblin hits you.
You are too injured to fight recklessly!
You are too injured to fight recklessly!
You are too injured to fight recklessly!
There is a large open door here.
The hobgoblin hits you.
* * * LOW HITPOINT WARNING * * *
The hobgoblin throws a stone.
The stone barely misses you.
The hobgoblin throws a stone.
The stone hits you.
* * * LOW HITPOINT WARNING * * *
There is a staircase leading out of the dungeon here.
The hobgoblin throws a stone.
The stone closely misses you.
Casting: Freeze (safe; 3% risk of failure)
Confirm with . or Enter, or press ? or * to list all spells.
You can't see any susceptible monsters within range! (Use Z to cast anyway.)
The hobgoblin throws a stone.
The stone hits you.
You die...

###§§≈§§≈≈###
#≈§§..§§.≈§§#
#.§§§).§..§§#
##(##
####8'8####
##....g....##
##...........#
.#............##
........@.....8+
.#............+#
##...........#
##.........##
###8+8#8###
###+###


You could see a hobgoblin.

Vanquished Creatures
  A hobgoblin (D:1)
1 creature vanquished.

Notes
Turn   | Place    | Note
-------+----------+-------------------------------------------
     0 | D:1      | KoroneIsBestGirl the Barachi Ice Elementalist began the
                  | quest for the Orb.
     0 | D:1      | Reached XP level 1. HP: 13/13 MP: 3/3
    20 | D:1      | Hit by a stone thrown by a hobgoblin

Illustrated notes

Levels and vault maps discovered:
D:1:      dpeg_arrival_morbid_curiosity, layout_loops_ring, st_stairs_7

Action                   || total
-------------------------++-------
Melee: Unarmed           ||     5
 Cast: Freeze            ||     3
Dodge: Dodged            ||     7

Table legend: (Time is in decaauts)
 A = Elapsed time spent in this place.
 B = Non-inter-level travel time spent in this place.
 C = Inter-level travel time spent in this place.
 D = Time resting spent in this place.
 E = Time spent auto-exploring this place.
 F = Levels seen in this place.
 G = Mean time per level.
                   A        B        C        D        E       F      G
               +--------+--------+--------+--------+--------+-----+--------+
         Total |     22 |     22 |      0 |      0 |      3 |   1 |   22.0 |
       Dungeon |     22 |     22 |      0 |      0 |      3 |   1 |   22.0 |
               +--------+--------+--------+--------+--------+-----+--------+

Top non-repeatable levels by time:
     D:1: 22 daAuts
